 Dungeon Crawl Stone Soup version 0.25-a0-404-gc1b5a34292 (webtiles) character file.

Game seed: 17816599184294105486, levelgen mode: deterministic

0 Chiseanne the Vexing (level 1, 0/13 HPs)
             Began as a Mummy Wanderer on Jan 11, 2020.
             Slain by a giant cockroach (1 damage)
             ... on level 1 of the Dungeon.
             The game lasted 00:00:43 (65 turns).

Chiseanne the Vexing (Mummy Wanderer)                 Turns: 65, Time: 00:00:44

Health: 0/13       AC:  2    Str: 17    XL:     1   Next: 8%
Magic:  4/4        EV: 11    Int: 11    God:
Gold:   0          SH:  0    Dex:  9    Spells: 5/5 levels left

rFire    . . .     SeeInvis .   a - +0 dagger
rCold    . . .     Gourm    .   (no shield)
rNeg     + + +     Faith    .   e - +0 robe
rPois    ∞         Spirit   .   (no helmet)
rElec    .         Reflect  .   (no cloak)
rCorr    .         Harm     .   (no gloves)
MR       .....                  (no boots)
Stlth    +.........             (no amulet)
HPRegen  0.04/turn              b - ring of fire
MPRegen  0.09/turn              (no ring)

@: no status effects
A: no food or potions, fire vulnerability, cold resistance 1, negative energy
resistance 3, torment resistance, unbreathing
a: no special abilities


You were on level 1 of the Dungeon.
You were not hungry.

You visited 1 branch of the dungeon, and saw 1 of its levels.

Inventory:

Hand Weapons
 a - a +0 dagger (weapon)
Missiles
 c - 12 poisoned darts (quivered)
 d - 18 stones
Armour
 e - a +0 robe (worn)
Jewellery
 b - a ring of fire (left hand)


   Skills:
 * Level 0.2 Fighting
 - Level 1.0 Throwing
 - Level 1.0 Stealth
 - Level 2.6 Spellcasting
   Level 3.6 Hexes
   Level 2.0 Necromancy


You had 5 spell levels left.
You didn't know any spells.
Your spell library contained the following spells:

 Spells                   Type           Power        Failure   Level  Hunger
 Corona                   Hex            #......      6%          1    N/A
 Confusing Touch          Hex            #.......     19%         3    N/A
 Tukima's Dance           Hex            #.......     19%         3    N/A
 Ensorcelled Hibernation  Hex/Ice        #.....       21%         2    N/A
 Sandblast                Erth           #.....       26%         1    N/A
 Dazzling Flash           Conj/Hex       #.....       36%         3    N/A
 Stone Arrow              Conj/Erth      #.....       63%         3    N/A

Dungeon Overview and Level Annotations

Branches:
Dungeon (1/15)

Altars:


Innate Abilities, Weirdness & Mutations

You do not eat or drink.
Your flesh is vulnerable to fire.
You are immune to poison.
Your flesh is cold resistant. (rC+)
You are immune to negative energy. (rN+++)
You are immune to unholy pain and torment.
You can survive without breathing.


Message History

The giant cockroach is almost dead.
The giant cockroach closely misses you. The goblin closely misses you.
You barely miss the giant cockroach.
The giant cockroach is almost dead.
The giant cockroach closely misses you. The goblin barely misses you.
You hit the giant cockroach but do no damage.
The giant cockroach is almost dead.
The giant cockroach barely misses you. The goblin barely misses you.
You hit the giant cockroach but do no damage.
The giant cockroach is almost dead.
The giant cockroach barely misses you. The goblin closely misses you.
The giant cockroach bites you.
* * * LOW HITPOINT WARNING * * *
You barely miss the giant cockroach.
The giant cockroach is severely wounded.
The goblin closely misses you. The giant cockroach misses you.
You hit the giant cockroach but do no damage.
The giant cockroach is severely wounded.
The giant cockroach bites you.
You die...

#..# # #..#
. [ #..#
.#.. #..##..
. ...... ..
#...##.#
#sg....#
#@..#..#
##..##..#
.#####
#(?.....#
.#...#
#.......#
[#.8.#
#.......#
.#...#
#.......#
.#####
#.......####
......
#...........
.......
#.......####


You could see a giant cockroach and a goblin.

Vanquished Creatures
  A frilled lizard (D:1)
1 creature vanquished.

Notes
Turn   | Place    | Note
-------+----------+-------------------------------------------
     0 | D:1      | Chiseanne the Mummy Wanderer began the quest for the Orb.
     0 | D:1      | Chiseanne set off with the following items: a +0 dagger, 12
                  | poisoned darts, a +0 robe; and the following spells
                  | available to memorise: Corona, Confusing Touch, Tukima's
                  | Dance, Ensorcelled Hibernation, Sandblast, Dazzling Flash,
                  | Stone Arrow
     0 | D:1      | Reached XP level 1. HP: 13/13 MP: 4/4
    65 | D:1      | Slain by a giant cockroach

Levels and vault maps discovered:
D:1:      minmay_arrival_glassed_features, layout_loops_ring

Action                   || total
-------------------------++-------
Melee: Dagger            ||    19
 Stab: Sleeping          ||     1
Armor: Robe              ||     5
Dodge: Dodged            ||    21

Table legend:
 A = Non-vault XP
 B = Vault XP
 C = Vault XP percentage of total XP
 D = Non-vault monster count
 E = Vault monster count
 F = Vault count percentage of total count
                 A         B        C        D         E       F
            +---------+---------+-------+---------+---------+-------
      Total |       1 |       0 |   0.0 |       1 |       0 |   0.0
            +---------+---------+-------+---------+---------+-------
        D:1 |       1 |       0 |   0.0 |       1 |       0 |   0.0
            +---------+---------+-------+---------+---------+-------
